 Dungeon Crawl Stone Soup version 0.17-a0-1475-g9f81d98 (console) character file.

1057 Fusha the Jester (level 8, -2/43 HPs)
             Began as a Tengu Artificer on July 2, 2015.
             Was a Follower of Nemelex Xobeh.
             Slain by an orc
             ... wielding a cursed +0 club
              (3 damage)
             ... on level 5 of the Dungeon.
             The game lasted 00:19:51 (6081 turns).

Fusha the Jester (Tengu Artificer)                  Turns: 6081, Time: 00:19:53

Health: -2/43      AC:  4    Str: 11    XL:     8   Next: 26%
Magic:  13/13      EV: 15    Int: 13    God:    Nemelex Xobeh [*.....]
Gold:   251        SH:  5    Dex: 17    Spells: 0 memorised, 7 levels left

rFire  . . .     SeeInvis +     D - +2 dagger (venom)
rCold  . . .     Clarity  .     b - +0 leather armour
rNeg   . . .     SustAt   .     j - +0 buckler
rPois  .         Gourm    .     (helmet restricted)
rElec  .         Spirit   .     i - +0 cloak
rCorr  .         Warding  .     (no gloves)
rMut   .         Stasis   .     (boots unavailable)
MR     .....                    (no amulet)
Stlth  ++........               s - ring of wizardry
                                z - ring of see invisible

@: not resistant to hostile enchantments, unstealthy
A: beak, talons 3, able to fly 1
a: Fly, Renounce Religion


You were on level 5 of the Dungeon.
You worshipped Nemelex Xobeh.
Nemelex Xobeh was aware of your devotion.
You were not hungry.

You visited 2 branches of the dungeon, and saw 6 of its levels.

You collected 251 gold pieces.

Inventory:

Hand weapons
 a - a +1 short sword
 l - a +0 blowgun
 w - a cursed -1 dagger
 D - a +2 dagger of venom (weapon)
Missiles
 x - 24 poisoned needles
Armour
 b - a +0 leather armour (worn)
 i - a +0 cloak (worn)
 j - a +0 buckler (worn)
Magical staves
 A - an uncursed staff of cold
Jewellery
 s - a ring of wizardry (right hand)
 y - an uncursed ring of fire
 z - a ring of see invisible (left hand)
Magical devices
 c - a wand of flame (0)
 d - a wand of enslavement (14)
 e - a wand of random effects (15)
 o - a wand of random effects (34)
 q - a wand of polymorph (12)
 u - a wand of disintegration (2)
Scrolls
 k - a scroll of fear
 r - a scroll of remove curse
 v - a scroll of teleportation
Potions
 f - a potion of brilliance
 g - 3 potions of berserk rage
 h - a potion of cure mutation
 m - a potion of might
 n - a potion of cancellation
 p - 2 potions of heal wounds
 t - a potion of agility
Miscellaneous
 B - a plain deck of escape {drawn: 2} {god gift}
Comestibles
 C - a meat ration


   Skills:
 - Level 1.0 Fighting
 + Level 1.4 Short Blades
 - Level 6.0 Dodging
 + Level 3.2 Stealth
 - Level 4.2 Shields
 * Level 6.3 Evocations


You had 7 spell levels left.
You didn't know any spells.

Dungeon Overview and Level Annotations

Branches:
Dungeon (5/15)             Temple (1/1) D:4

Altars:
Ashenzari
Cheibriados
Dithmenos
Elyvilon
Fedhas
Gozag
Kikubaaqudgha
Makhleb
Nemelex Xobeh
Okawaru
Qazlal
Ru
Sif Muna
Trog
Vehumet
Xom
Yredelemnul
Zin
The Shining One


Innate Abilities, Weirdness & Mutations

You have a beak for a mouth.
You have claws for feet.
You can fly.


Message History

Evoke which item? (* to show all) (? for menu, Esc to quit)
You draw a card...
It is the Elixir.
The orc misses you. The orc hits you with a club.
* * * LOW HITPOINT WARNING * * *
You hit the orc but do no damage. You claw the orc, but do no damage.
You peck the orc, but do no damage. You block the orc's attack.
You hit the orc but do no damage. You peck the orc, but do no damage.
The orc closely misses you.
An orc priest opens the door.
You hit the orc but do no damage.
The orc is poisoned.
The orc hits you with a club.
* * * LOW HITPOINT WARNING * * *
The orc hits you but does no damage.
You hit the orc priest.
The orc priest is poisoned.
Your kick misses the orc priest.
The orc priest is moderately wounded.
The orc hits you with a club.
* * * LOW HITPOINT WARNING * * *
The orc hits you with a club.
You die...
Your body disappears without a glow.

####### .....#
....# ...###
####)##.##
#...o#...#
+...o@...# ...
####o##'## ...
.........# ....
.........# .....
...........###.....
#+##.<.##+#.....#
+...+..'.....+
###...#.##.....#
..#
#...###.#.....##
...


You could see an orc priest and 2 orcs.

Vanquished Creatures
  The ghost of abixa the Cleaver, an experienced HOGl (D:5)
  Dowan (D:4)
  A scorpion (D:5)
  3 hounds (D:4)
  A worker ant (D:4)
  Jessica (D:2)
  A centaur skeleton (D:4)
  11 gnolls
  10 adders
  A shadow imp (D:4)
  A giant eyeball (D:4)
  An ooze (D:2)
  5 giant geckos
  10 orcs
  3 ball pythons
  12 bats
  2 bat skeletons (D:4)
  4 giant cockroaches
  17 goblins
  12 hobgoblins
  14 kobolds
  6 giant newts
  2 jackals (D:4)
  9 rats
129 creatures vanquished.

Vanquished Creatures (collateral kills)
  Duvessa (D:4)
  A rat (D:4)
2 creatures vanquished.

Vanquished Creatures (others)
  A quokka (D:3)
  A bat (D:3)
2 creatures vanquished.

Grand Total: 133 creatures vanquished

Notes
Turn   | Place    | Note
--------------------------------------------------------------
     0 | D:1      | Fusha the Tengu Artificer began the quest for the Orb.
     0 | D:1      | Reached XP level 1. HP: 12/12 MP: 4/4
   267 | D:1      | Reached XP level 2. HP: 8/16 MP: 5/5
   932 | D:1      | Reached XP level 3. HP: 20/20 MP: 6/6
  1497 | D:2      | Reached skill level 1 in Shields
  1564 | D:2      | Reached XP level 4. HP: 22/25 MP: 7/7
  1880 | D:2      | Noticed Jessica
  1894 | D:2      | Killed Jessica
  1894 | D:2      | Reached skill level 4 in Dodging
  2185 | D:2      | Noticed Sigmund
  2186 | D:2      | Noticed Sigmund
  2186 | D:2      | Sigmund changed into Sigmund the adder
  2190 | D:2      | Killed Sigmund the adder
  2199 | D:2      | Gained mutation: You can fly. [Tengu growth]
  2199 | D:2      | Reached XP level 5. HP: 12/29 MP: 8/8
  3431 | D:3      | Reached XP level 6. HP: 28/34 MP: 10/10
  3433 | D:3      | Reached skill level 5 in Dodging
  3494 | D:3      | Found a white marble altar of Elyvilon.
  3940 | D:4      | Noticed Dowan
  3976 | D:4      | Killed Dowan
  4153 | D:4      | Noticed Duvessa
  4183 | D:4      | Killed Duvessa
  4183 | D:4      | Reached skill level 6 in Dodging
  4183 | D:4      | Reached XP level 7. HP: 12/38 MP: 11/11
  4220 | D:4      | Reached skill level 5 in Evocations
  4480 | D:4      | Paralysed by a giant eyeball for 2 turns
  4483 | D:4      | Paralysed by a giant eyeball for 4 turns
  4544 | D:4      | Found a staircase to the Ecumenical Temple.
  4553 | Temple   | Entered the Ecumenical Temple
  4644 | Temple   | Became a worshipper of Nemelex Xobeh the Trickster
  4689 | D:4      | Received a gift from Nemelex Xobeh
  4704 | D:4      | Noticed an Executioner
  4705 | D:4      | Found a burning altar of Makhleb.
  4708 | D:4      | Found a glowing silver altar of Zin.
  4708 | D:4      | Noticed an angel
  5715 | D:5      | Entered Level 5 of the Dungeon
  5764 | D:5      | Noticed abixa's ghost (experienced HOGl)
  5768 | D:5      | Killed abixa's ghost
  5768 | D:5      | Reached XP level 8. HP: 43/43 MP: 13/13
  6041 | D:5      | Found a shattered altar of Ashenzari.
  6081 | D:5      | HP: 1/43 [orc/club (4)]
  6081 | D:5      | Slain by an orc

Vault maps used:
D:1:      dpeg_arrival_leaves_temple_mockup
D:2:      solitary_fountain, uniq_jessica, uniq_sigmund
D:3:      elyvilon_altar_4, first_bread
D:4:      grunt_temple_overflow_order_and_chaos_2, minmay_temple_entry_statues,
          uniq_duvessa
D:5:      ashenzari_altar_1, uniq_menkaure
Temple:   lightli_temple_of_artemis

Action                   |  1- 3 |  4- 6 |  7- 9 || total
-------------------------+-------+-------+-------++-------
Melee: Short sword       |   126 |   190 |   138 ||   454
       Dagger            |       |       |    15 ||    15
Evoke: Wand              |     4 |    22 |     8 ||    34
       Deck              |       |       |     2 ||     2
  Use: Scroll            |       |     9 |     4 ||    13
       Potion            |       |     3 |       ||     3
 Stab: Sleeping          |     4 |     2 |     1 ||     7
  Eat: Bread ration      |     1 |     2 |       ||     3
       Meat ration       |       |       |     1 ||     1
       Beef jerky        |       |       |     1 ||     1
